 Dungeon Crawl Stone Soup version 0.29-a0-397-g846e4a0bbc (webtiles) character file.

Game seed: 12942578816089357288

473 mistaj the Skirmisher (level 7, 0/38 HPs)
             Began as a Vine Stalker Fighter on May 11, 2022.
             Slain by an ice beast (4 damage)
             ... on level 5 of the Dungeon.
             The game lasted 00:06:52 (4111 turns).

mistaj the Skirmisher (Vine Stalker Fighter)        Turns: 4111, Time: 00:06:52

Health: 0/38       AC:  7    Str: 21    XL:     7   Next: 10%
Magic:  0/8        EV: 10    Int:  8    God:
Gold:   159        SH:  5    Dex: 13    Spells: 6/6 levels left

rFire   . . .      SeeInvis .   f - +1 short sword (holy)
rCold   . . .      Faith    .   c - +0 buckler
rNeg    . . .      Spirit   +   s - +1 ring mail {Will+}
rPois   .          Reflect  .   (no helmet)
rElec   .          Harm     .   (no cloak)
rCorr   .          Rampage  .   (no gloves)
Will    +....                   p - +0 pair of boots
Stlth   +.........              (no amulet)
HPRegen 0.92/turn               (no ring)
MPRegen 0.11/turn               (no ring)

@: studying Throwing
A: fangs 2, regeneration 1, magic shield, antimagic bite, no potion heal 2
a: no special abilities


You were on level 5 of the Dungeon.
You visited 1 branch of the dungeon, and saw 5 of its levels.

You collected 159 gold pieces.

Inventory:

Hand Weapons
 a - a +0 war axe
 f - a +1 short sword of holy wrath (weapon)
 q - a +0 falchion
Armour
 c - a +0 buckler (worn)
 p - a +0 pair of boots (worn)
 s - a +1 ring mail of willpower (worn)
Wands
 t - a wand of iceblast (7)
Scrolls
 e - 2 scrolls of identify
 g - a scroll of amnesia {unknown}
 i - 2 scrolls of noise {unknown}
 j - 2 scrolls of poison {unknown}
 l - a scroll of fog {unknown}
 m - a scroll of enchant armour {unknown}
 n - a scroll of teleportation {unknown}
 o - a scroll of silence {unknown}
 u - a scroll of enchant weapon {unknown}
Potions
 b - 2 potions of curing
 d - a potion of might
 h - 3 potions of haste
 k - a potion of lignification
 r - a potion of brilliance


   Skills:
 + Level 4.6 Fighting
 + Level 3.3 Short Blades
 - Level 2.0 Axes
 - Level 2.4 Armour
 + Level 4.6 Shields


You had 6 spell levels left.
You didn't know any spells.
Your spell library contained the following spells:

 Spells                   Type           Power      Damage    Failure   Level
 Animate Skeleton         Necr           0%         N/A       67%         1
 Pain                     Necr           0%         1d4       67%         1
 Vampiric Draining        Necr           0%         2d6       95%         3


Dungeon Overview and Level Annotations

Branches:
Dungeon (5/15)
 Temple: D:4-7

Altars:


Innate Abilities, Weirdness & Mutations

You have extremely sharp teeth.
Your natural rate of healing is unusually fast.
When hurt, damage is shared between your health and your magic reserves.
Your bite disrupts and absorbs the magic of your enemies.
Potions cannot restore your health.


Message History

You barely miss the ice beast.
The ice beast is severely wounded.
The ogre shouts!
The ice beast hits you. The ice beast freezes you!
You are too injured to fight recklessly!
You are too injured to fight recklessly!
You are too injured to fight recklessly!
You are too injured to fight recklessly!
You are too injured to fight recklessly!
You are too injured to fight recklessly!
You hit the ice beast. Your bite misses the ice beast.
The ice beast is severely wounded.
A scorpion comes into view.
The ice beast hits you but does no damage.
You hit the ice beast.
The ice beast is almost dead.
The ice beast closely misses you.
You hit the ice beast but do no damage. You bite the ice beast.
You drain its power.
You feel invigorated.
The ice beast is almost dead.
The ice beast hits you. The ice beast freezes you!
* * * LOW HITPOINT WARNING * * *
You barely miss the ice beast. Your bite misses the ice beast.
The ice beast is almost dead.
The ice beast completely misses you.
You completely miss the ice beast. Your bite misses the ice beast.
The ice beast is almost dead.
The ice beast barely misses you.
You barely miss the ice beast. Your bite misses the ice beast.
The ice beast is almost dead.
The ice beast hits you.
* * * LOW HITPOINT WARNING * * *
The ice beast freezes you.
* * * LOW HITPOINT WARNING * * *
You closely miss the ice beast.
The ice beast is almost dead.
The ice beast hits you.
* * * LOW HITPOINT WARNING * * *
The ice beast freezes you.
You die... ...# ...# # ...# #. ... .##s. ## .ow

. .. # #Y# .###.#
####.#@#######.....
..................#
.?............#...#
#############.#...#
#..#..# #
#..#.##.###
#..........
#.#(.##.##
#.#<.....#


You could see an ice beast, a worm, a scorpion and an orc.

Vanquished Creatures
  An ice beast (D:3)
  An ogre (D:4)
  A kobold brigand (D:4)
  A necrophage (D:4)
  A hound (D:4)
  2 iguanas (D:4)
  2 adders
  3 worms
  A dart slug (D:1)
  3 orcs
  6 endoplasms
  8 goblins
  2 hobgoblins (D:1)
  8 kobolds
  2 quokkas
  9 ball pythons
  10 bats
  5 frilled lizards
  4 rats
70 creatures vanquished.

Notes
Turn   | Place    | Note
-------+----------+-------------------------------------------
     0 | D:1      | mistaj the Vine Stalker Fighter began the quest for the
                  | Orb.
     0 | D:1      | Reached XP level 1. HP: 11/11 MP: 2/2
   112 | D:1      | Reached XP level 2. HP: 8/16 MP: 1/3
   639 | D:1      | Reached XP level 3. HP: 20/20 MP: 4/4
   698 | D:1      | Found a faded altar of an unknown god.
  1060 | D:2      | Reached skill level 1 in Short Blades
  2027 | D:3      | Gained mutation: Your natural rate of healing is unusually
                  | fast. [Vine Stalker growth]
  2027 | D:3      | Reached XP level 4. HP: 20/24 MP: 3/5
  2256 | D:3      | Noticed an orc warrior
  2735 | D:3      | Noticed an ice beast
  2805 | D:3      | Killed an ice beast
  2806 | D:3      | Reached XP level 5. HP: 10/29 MP: 6/6
  3360 | D:4      | Reached XP level 6. HP: 33/33 MP: 7/7
  3626 | D:4      | Reached XP level 7. HP: 9/38 MP: 2/8
  4076 | D:5      | Entered Level 5 of the Dungeon
  4111 | D:5      | Slain by an ice beast

Illustrated notes

Levels and vault maps discovered:
D:1:      ebering_hopf_link, layout_rooms, dilly_ecumenical_altar_fadedgnrine,
          chequers_garden, minmay_indecisive_spiral
D:2:      layout_basic
D:3:      layout_loops_ring
D:4:      layout_basic, minmay_manual_moon
D:5:      layout_basic, kennysheep_little_box, gup_sewer_entry_bubbles,
          minmay_statues_item

Skill      XL: |  1  2  3  4  5  6 |
---------------+-------------------+-----
Axes           | 2 |  2.0
Fighting       | 3 4 |  4.6
Shields        | 3 4 |  4.6
Short Blades   | 1 2 3 |  3.3
Armour         | |  2.4

Action                   |  1- 3 |  4- 6 |  7- 9 || total
-------------------------+-------+-------+-------++-------
Melee: War axe           |    22 |       |       ||    22
       Bite              |    19 |    36 |     7 ||    62
       Short sword       |    77 |   134 |    31 ||   242
  Use: Scroll            |       |       |     5 ||     5
Armor: Scale mail        |    16 |       |       ||    16
       Chain mail        |    40 |     9 |       ||    49
       Ring mail         |       |    28 |     8 ||    36
Dodge: Dodged            |    27 |    50 |    15 ||    92
Block: Buckler           |    28 |    31 |     7 ||    66

Table legend: (Time is in decaauts)
 A = Elapsed time spent in this place.
 B = Non-inter-level travel time spent in this place.
 C = Inter-level travel time spent in this place.
 D = Time resting spent in this place.
 E = Time spent auto-exploring this place.
 F = Levels seen in this place.
 G = Mean time per level.
                   A        B        C        D        E       F      G
               +--------+--------+--------+--------+--------+-----+--------+
         Total |   4135 |   3968 |    167 |   1283 |   1697 |   5 |  827.0 |
       Dungeon |   4135 |   3968 |    167 |   1283 |   1697 |   5 |  827.0 |
               +--------+--------+--------+--------+--------+-----+--------+

Top non-repeatable levels by time:
     D:2: 1143 daAuts
     D:3: 1092 daAuts
     D:4: 933 daAuts
     D:1: 930 daAuts
     D:5: 34 daAuts
